 Dungeon Crawl Stone Soup version 0.28.0-1-gb440e238dd (webtiles) character file.

Game seed: 14600564637860495334

80 Eitelfritz the Covered (level 4, -3/40 HPs)
             Began as a Hill Orc Fighter on Feb 21, 2022.
             Slain by an orc (5 damage)
             ... on level 3 of the Dungeon.
             The game lasted 00:03:30 (2016 turns).

Eitelfritz the Covered (Hill Orc Fighter)           Turns: 2016, Time: 00:03:31

Health: -3/40      AC:  9    Str: 20    XL:     4   Next: 39%
Magic:  4/4        EV:  7    Int:  8    God:
Gold:   73         SH:  4    Dex: 10    Spells: 3/3 levels left

rFire   + . .      SeeInvis .   a - +0 war axe
rCold   . . .      Faith    .   c - +0 buckler
rNeg    . . .      Spirit   .   j - +0 chain mail
rPois   .          Reflect  .   (no helmet)
rElec   .          Harm     .   (no cloak)
rCorr   .          Rampage  .   (no gloves)
Will    .....                   (no boots)
Stlth   ..........              f - amulet of the acrobat
HPRegen 0.13/turn               l - ring of protection from fire
MPRegen 0.09/turn               (no ring)

@: no status effects
A: no striking features
a: no special abilities


You were on level 3 of the Dungeon.
You visited 1 branch of the dungeon, and saw 3 of its levels.

You collected 73 gold pieces.

Inventory:

Hand Weapons
 a - a +0 war axe (weapon)
Armour
 b - a +0 scale mail
 c - a +0 buckler (worn)
 j - a +0 chain mail (worn)
Jewellery
 f - an amulet of the acrobat (around neck)
 l - a ring of protection from fire (left hand)
 o - a ring of protection from cold
Scrolls
 e - a scroll of immolation {unknown}
 g - a scroll of vulnerability {unknown}
 k - a scroll of fog {unknown}
 n - a scroll of identify {unknown}
 p - a scroll of silence {unknown}
Potions
 d - a potion of might
 h - a potion of attraction {unknown}
 i - 2 potions of lignification {unknown}
 m - a potion of ambrosia {unknown}


   Skills:
 + Level 4.1 Fighting
 + Level 4.0 Axes
 + Level 4.2 Armour
 + Level 0.2 Dodging
 + Level 3.8 Shields


You had 3 spell levels left.
You didn't know any spells.
Your spell library contained the following spells:

 Spells                   Type           Power      Damage    Failure   Level
 Shock                    Conj/Air       0%         1d3       99%         1
 Scorch                   Fire           0%         2d5       100%        2
 Gell's Gravitas          Tloc           0%         N/A       100%        3
 Lesser Beckoning         Tloc           0%         N/A       100%        3
 Swiftness                Air            0%         N/A       100%        3
 Teleport Other           Tloc           0%         N/A       100%        3
 Airstrike                Air            0%         N/A       100%        4
 Animate Dead             Necr           0%         N/A       100%        4
 Flame Wave               Conj/Fire      0%         2d4       100%        4
 Borgnjor's Vile Clutch   Necr/Erth      0%         N/A       100%        5
 Death Channel            Necr           0%         N/A       100%        6
 Summon Cactus Giant      Summ           0%         N/A       100%        6


Dungeon Overview and Level Annotations

Branches:
Dungeon (3/15)

Altars:


Message History

The orc priest is heavily wounded.
You completely miss the orc. The orc priest hits you with a +0 club.
The orc hits you with a +0 flail. The orc priest hits you with a +0 club.
You barely miss the orc priest.
The orc priest is heavily wounded.
You closely miss the orc. The orc hits you with a +0 flail.
The orc priest hits you but does no damage.
The orc priest threatens, "By the altar or by the axe, you will meet Beogh!"
You hit the orc priest but do no damage.
The orc priest is heavily wounded.
You hit the orc but do no damage. You block the orc's attack.
The orc priest hits you but does no damage.
The orc hits you but does no damage.
You barely miss the orc priest.
The orc priest is moderately wounded.
You slash the orc!
You kill the orc!
The orc priest hits you but does no damage.
You closely miss the orc. You slash the orc priest!
The orc hits you with a +0 flail. The orc priest barely misses you.
Unknown command.
You barely miss the orc priest.
The orc priest is almost dead.
The orc priest shouts, "Beogh is our master!
Accept the truth or die!"
You slash the orc! The orc hits you but does no damage.
The orc priest invokes the aid of Beogh against you.
Beogh smites you!
* * * LOW HITPOINT WARNING * * *
You block the orc's attack.
You barely miss the orc priest.
The orc priest is almost dead.
You hit the orc but do no damage. The orc priest hits you with a +0 club.
* * * LOW HITPOINT WARNING * * *
The orc hits you with a +0 flail.
* * * LOW HITPOINT WARNING * * *
The orc priest hits you but does no damage.
You slash the orc priest!
You kill the orc priest!
You closely miss the orc. The orc hits you with a +0 flail.
You die...

###.#####
......o@#
#.#.###o#
..# ##.#
#.# #.#
#.# ..#


You could see 2 orcs.

Vanquished Creatures
  An orc priest (D:3)
  2 adders (D:2)
  2 worms (D:2)
  A dart slug (D:2)
  2 orcs (D:3)
  7 bats
  4 endoplasms (D:1)
  2 giant cockroaches (D:1)
  3 goblins
  3 hobgoblins
  7 jackals
  A quokka (D:2)
  5 ball pythons (D:2)
  2 frilled lizards (D:2)
  6 kobolds
  5 rats
53 creatures vanquished.

Vanquished Creatures (others)
  7 plants (D:1)
  8 withered plants (D:1)
15 creatures vanquished.

Grand Total: 68 creatures vanquished

Notes
Turn   | Place    | Note
-------+----------+-------------------------------------------
     0 | D:1      | Eitelfritz the Hill Orc Fighter began the quest for the
                  | Orb.
     0 | D:1      | Reached XP level 1. HP: 19/19 MP: 1/1
    39 | D:1      | Reached XP level 2. HP: 17/27 MP: 2/2
   334 | D:1      | Found a faded altar of an unknown god.
   748 | D:1      | Reached XP level 3. HP: 33/33 MP: 3/3
  1429 | D:2      | Reached XP level 4. HP: 36/40 MP: 4/4
  2015 | D:3      | HP: 2/40 [orc (2)]
  2016 | D:3      | Slain by an orc

Illustrated notes

Levels and vault maps discovered:
D:1:      eino_arrival_tree_alley, layout_loops_cross,
          shapermc_ecumenical_altar_flowoftime
D:2:      layout_loops_ring
D:3:      layout_basic, gammafunk_ghost_grave, serial_bayou_pond_d

Skill      XL: |  1  2  3  4 |
---------------+-------------+-----
Axes           | 3 4 |  4.0
Fighting       | 4 |  4.1
Armour         | 4 |  4.2
Dodging        | |  0.2
Shields        | |  3.8

Action                   |  1- 3 |  4- 6 || total
-------------------------+-------+-------++-------
Melee: War axe           |   125 |    42 ||   167
Armor: Scale mail        |    33 |       ||    33
       Chain mail        |    51 |    17 ||    68
Dodge: Dodged            |    88 |    31 ||   119
Block: Buckler           |    28 |     6 ||    34
